 Dungeon Crawl Stone Soup version 0.19-a0-1008-g4c63d25 (console) character file.

1782 brucemayne the Cleaver (level 8, -9/57 HPs)
             Began as a Vampire Berserker on July 22, 2016.
             Was a Priest of Trog.
             Mangled by a wight
             ... wielding a +3 morningstar
              (14 damage)
             ... on level 7 of the Dungeon.
             The game lasted 00:08:15 (1940 turns).

brucemayne the Cleaver (Vampire Berserker)          Turns: 1940, Time: 00:08:19

Health: -9/57      AC:  0    Str: 18    XL:     8   Next: 81%
Magic:  6/8        EV: 20    Int: 10    God:    Trog [***...]
Gold:   173        SH:  0    Dex: 18    Spells: 0 memorised, 7 levels left

rFire  . . .     SeeInvis +     (weapon currently unavailable)
rCold  . . .     Gourm    .     (armour currently unavailable)
rNeg   + . .     Faith    .     (shield currently unavailable)
rPois  .         Spirit   .     (helmet currently unavailable)
rElec  .         Dismiss  .     (cloak currently unavailable)
rCorr  .         Reflect  .     (gloves currently unavailable)
SustAt .         Harm     .     (boots currently unavailable)
MR     .....                    h - amulet of rage
Stlth  ++........               (ring currently unavailable)
                                (ring currently unavailable)

@: lethally poisoned (-9 -> -12), exhausted, bat-form, flying, slowed, quick,
not resistant to hostile enchantments, unstealthy
A: fangs 3, see invisible, (unbreathing)
a: End Transformation, Berserk, Trog's Hand, Burn Spellbooks, Renounce Religion,
Evoke Berserk Rage


You were on level 7 of the Dungeon.
You worshipped Trog.
Trog was most pleased with you.
You were not thirsty.
You were in vampire-bat-form.
You visited 2 branches of the dungeon, and saw 8 of its levels.

You collected 231 gold pieces.
You spent 58 gold pieces at shops.

Inventory:

Hand Weapons
 a - a +0 hand axe
 f - a +0 hand axe
 p - a +3 hand axe (melded)
 y - a +4 short sword of venom
Missiles
 g - 8 javelins (quivered)
 x - 5 curare-tipped needles
Armour
 b - a +0 animal skin
 d - a +0 cloak (melded)
 j - a +0 leather armour
 k - a +0 pair of gloves (melded)
 l - a +0 ring mail (melded)
 s - a +0 helmet (melded)
Jewellery
 h - an amulet of rage (around neck)
 i - a ring of protection from fire (melded)
Scrolls
 c - a scroll of silence {unknown}
 m - 4 scrolls of identify {unknown}
 o - a scroll of noise {unknown}
 r - a scroll of magic mapping {unknown}
 t - 3 scrolls of teleportation {unknown}
 v - a scroll of immolation {unknown}
Potions
 e - a potion of beneficial mutation {unknown}
 n - a potion of haste {unknown}
 q - a potion of magic {unknown}
 u - a potion of curing {unknown}
 w - 3 potions of blood
 z - a potion of resistance {unknown}


   Skills:
 - Level 2.6 Fighting
 + Level 10.7 Axes
 - Level 1.5 Armour
 - Level 2.1 Dodging


You had 7 spell levels left.
You didn't know any spells.

Dungeon Overview and Level Annotations

Branches:
Dungeon (7/15)             Temple (1/1) D:5

Altars:
Ashenzari
Gozag
Kikubaaqudgha
Makhleb
Ru
Uskayaw
Xom
The Shining One

Shops:
D:4 [   D:7 %?


Innate Abilities, Weirdness & Mutations

You have razor-sharp teeth.
You have supernaturally acute eyesight. (SInv)
((You can survive without breathing.))


Message History

* * * LOW HITPOINT WARNING * * *
The wight closely misses you. The wight barely misses you.
The gnoll hits you but does no damage.
Unknown command.
Unknown command.
Unknown command.
You feel sick. The gnoll barely misses you.
The wight hits you from afar with an enchanted halberd.
* * * LOW HITPOINT WARNING * * *
The wight hits you but does no damage. The gnoll barely misses you.
Okay, then.
You turn into a vampire bat.
Your +3 hand axe melds into your body.
Your +0 cloak melds into your body.
Your +0 helmet melds into your body.
Your +0 pair of gloves melds into your body.
Your +0 ring mail melds into your body.
Your ring of protection from fire melds into your body.
You feel sick. The wight closely misses you.
The wight hits you with an enchanted morningstar!
You die...

#................>..<..
#............####.....#
#..........#..###>....#
#.........###./#...#
#..###########).)# #..
#....†)######
#....)........
#..z.z.#####♣∩ #..b.g.#
#......# #......#
..........
#........#...
############.


You could see 2 wights and a gnoll.

Vanquished Creatures
  The ghost of WhatIsLove the Protected, a novice DDFi of Pakellas (D:7)
  Duvessa (D:7)
  2 ice beasts (D:5)
  An ogre (D:4)
  A centaur (D:5)
  A giant frog (D:7)
  Dowan (D:7)
  3 wights (D:7)
  A howler monkey (D:7)
  An orc priest (D:7)
  3 giant frog skeletons
  2 hounds
  2 orc wizards (D:7)
  3 iguanas
  A worker ant (D:7)
  A worker ant zombie (D:5)
  Robin (D:3)
  6 adders
  2 gnolls (D:7)
  An ooze (D:4)
  An adder skeleton (D:5)
  6 orcs
  2 giant cockroaches
  11 goblins
  5 hobgoblins
  5 jackals
  4 kobolds
  A quokka (D:7)
  3 bats (D:2)
  4 giant newts
  5 rats
82 creatures vanquished.

Notes
Turn   | Place    | Note
-------+----------+-------------------------------------------
     0 | D:1      | brucemayne the Vampire Berserker began the quest for the Orb.
     0 | D:1      | Reached XP level 1. HP: 17/17 MP: 1/1
    78 | D:2      | Reached skill level 3 in Axes
   196 | D:3      | Reached XP level 2. HP: 23/23 MP: 2/2
   223 | D:2      | Found a glowing golden altar of the Shining One.
   374 | D:2      | Reached ** piety under Trog
   472 | D:4      | Reached XP level 3. HP: 24/28 MP: 3/3
   509 | D:4      | Reached skill level 4 in Axes
   574 | D:3      | Noticed Robin
   579 | D:3      | Killed Robin
   579 | D:3      | Reached XP level 4. HP: 33/34 MP: 4/4
   649 | D:5      | Entered Level 5 of the Dungeon
   713 | D:4      | Reached skill level 5 in Axes
   717 | D:4      | Reached XP level 5. HP: 28/39 MP: 5/5
   775 | D:4      | Found Zaevvug's Armour Shop.
   782 | D:4      | Bought a +0 pair of gloves for 58 gold pieces
   804 | D:4      | Noticed an ogre
   809 | D:4      | Killed an ogre
   812 | D:4      | Noticed a phantom
   814 | D:4      | Reached skill level 6 in Axes
   902 | D:5      | Noticed a centaur
   916 | D:5      | Killed a centaur
   916 | D:5      | Reached XP level 6. HP: 23/46 MP: 6/6
  1034 | D:5      | Found a staircase to the Ecumenical Temple.
  1041 | Temple   | Entered the Ecumenical Temple
  1148 | D:5      | Found a hide-covered altar of Uskayaw.
  1216 | D:5      | Noticed an ice beast
  1224 | D:5      | Killed an ice beast
  1224 | D:5      | Reached skill level 7 in Axes
  1370 | D:5      | Noticed an ice beast
  1379 | D:5      | Killed an ice beast
  1379 | D:5      | Reached XP level 7. HP: 51/51 MP: 7/7
  1555 | D:7      | Reached *** piety under Trog
  1556 | D:7      | Reached skill level 8 in Axes
  1619 | D:7      | Noticed WhatIsLove's ghost (novice DDFi)
  1661 | D:7      | Killed WhatIsLove's ghost
  1661 | D:7      | Reached skill level 9 in Axes
  1661 | D:7      | Reached XP level 8. HP: 34/57 MP: 8/8
  1674 | D:7      | Found Watoxobi's Food Shoppe.
  1687 | D:7      | Noticed Duvessa
  1689 | D:7      | Noticed Dowan
  1799 | D:7      | Killed Duvessa
  1799 | D:7      | Reached skill level 10 in Axes
  1805 | D:7      | Killed Dowan
  1931 | D:7      | Found Mischepn's Magic Scroll Boutique.
  1940 | D:7      | Mangled by a wight

Vault maps used:
D:1:      lightli_arrival_farm, minivault_11, minmay_heptomino_l4
D:2:      nicolae_overflow_crystal_walls
D:3:      minitemple, minmay_statues_item, uniq_robin
D:4:      portal_sewer_entry_c, serial_shops, shop, enter_ossuary_3,
          gammafunk_pakellas_spire_experiment, uniq_menkaure
D:5:      kennysheep_little_box, first_bread
D:7:      serial_shops, shop, nicolae_shop_statue_plus, nicolae_shop_trees,
          grunt_livestock, minmay_misc_feat_five, uniq_duvessa
Temple:   cyrus_circular_temple

Skill      XL: |  1  2  3  4  5  6  7  8 |
---------------+-------------------------+-----
Axes           | 3 4 5 6 7 9 10 | 10.7
Fighting       | |  2.6
Armour         | |  1.5
Dodging        | |  2.1

Action                   |  1- 3 |  4- 6 |  7- 9 || total
-------------------------+-------+-------+-------++-------
Melee: Hand axe          |    70 |    83 |   106 ||   259
       Bite              |     9 |     8 |    10 ||    27
       Unarmed           |       |     3 |       ||     3
Invok: Berserk           |     2 |     5 |     3 ||    10
       Trog's Hand       |       |       |     1 ||     1
 Abil: Bat Form          |       |     3 |     1 ||     4
       End Transformatio |       |     3 |       ||     3
       Evoke Berserk Rag |       |     1 |       ||     1
  Use: Potion            |     5 |     7 |     6 ||    18
       Scroll            |       |     1 |       ||     1
Armor: Animal skin       |    11 |       |       ||    11
       Ring mail         |     7 |    28 |    35 ||    70
       Leather armour    |     5 |       |       ||     5
Dodge: Dodged            |    58 |    46 |    53 ||   157
